AoeStats
← XezkitoDelFlow

Arena

510445975Analyzed
3v3 RM · 1d ago on Oct 1, 2026· 35m 55s· 6 players
Game mode
Random Map
Map size
Normal (6 player)
Population
200
Speed
Normal
Resources
Standard
Victory
Conquest
Starting age
Dark Age
Ending age
Imperial Age
RankedLock teamsTeams togetherTeam positionsShared explorationLock speedFull tech treeHidden civsTurbo modeCheats
Victory
Defeat
🇵🇱 Saxons · Poland
1041
+11
🇫🇮 Hindustanis · Finland
1000
+13
🇰🇼 Spanish · Kuwait
996
+12
🇨🇱 Bohemians · Chile
927
-12
🇨🇱 Bulgarians · Chile
927
-12
🇨🇱 Turks · Chile
926
-12
Viking
2:53 Loom
12:38 Feudal Age
11:09 Loom
16:29 Castle Age
14:25 Double-Bit Axe
14:45 Horse Collar
16:33 Stone Mining
28:15 Bow Saw
33:38 Arson
33:53 Squires
Jukka225865
10:42 Feudal Age
14:55 Castle Age
13:51 Double-Bit Axe
13:59 Stone Mining
13:52 Horse Collar
14:04 Gold Mining
17:26 Loom
26:49 Murder Holes
33:10 Scale Barding Armor
Q8_Rasheed
11:46 Feudal Age
15:37 Castle Age
14:11 Double-Bit Axe
14:08 Horse Collar
22:10 Bow Saw
24:11 Man-at-Arms
24:38 Gambesons
26:01 Scale Mail Armor
26:12 Forging
27:57 Bloodlines
27:47 Husbandry
28:30 Wheelbarrow
31:25 Imperial Age
29:52 Scale Barding Armor
30:22 Iron Casting
32:04 Chain Barding Armor
32:03 Cavalier
34:36 Plate Barding Armor
35:01 Blast Furnace
36:39 Conscription
36:20 Inquisition
35:50 Sappers
Rodrigo Da Silva
5:16 Loom
11:09 Feudal Age
12:48 Wheelbarrow
16:30 Double-Bit Axe
19:10 Castle Age
18:33 Horse Collar
20:08 Husbandry
20:18 Scale Barding Armor
! benjA -
12:24 Feudal Age
16:18 Castle Age
21:46 Imperial Age
22:34 Gold Mining
22:31 Double-Bit Axe
35:42 Horse Collar
XezkitoDelFlow
1:54 Loom
12:52 Feudal Age
13:51 Double-Bit Axe
14:28 Horse Collar
15:33 Wheelbarrow
15:57 Gold Mining
16:39 Arson
22:03 Scale Mail Armor
22:14 Forging
24:46 Castle Age
24:26 Stone Mining
25:49 Chain Mail Armor
26:17 Iron Casting
26:26 Squires
26:11 Gambesons
26:52 Heavy Plow
27:16 Bow Saw
Connection lost

Rejoining the realm…

Still unreachable

The connection could not be restored.

Session expired

The server has moved on; the page needs a fresh start.